 Dungeon Crawl Stone Soup version 0.18.1-50-g88ac8fd (webtiles) character file.

655 Peloso the Shield-Bearer (level 7, -7/61 HPs)
             Began as a Minotaur Fighter on Oct 2, 2016.
             Killed from afar by Drunkenshrew's ghost (31 damage)
             ... with a bolt of negative energy
             ... on level 5 of the Dungeon.
             The game lasted 00:08:10 (3834 turns).

Peloso the Shield-Bearer (Minotaur Fighter)         Turns: 3834, Time: 00:08:10

Health: -7/61      AC: 11    Str: 21    XL:     7   Next: 29%
Magic:  6/6        EV:  5    Int:  8    God:
Gold:   229        SH:  9    Dex: 11    Spells: 0 memorised, 6 levels left

rFire  . . .     SeeInvis .     a - +1 long sword
rCold  . . .     Gourm    .     k - +0 chain mail
rNeg   . . .     Faith    .     c - +0 shield
rPois  .         Spirit   .     (helmet restricted)
rElec  .         Dismiss  .     (no cloak)
rCorr  .         Reflect  .     (no gloves)
SustAt .         Harm     .     r - +2 pair of boots
MR     .....                    d - amulet of regeneration
Stlth  ..........               (no ring)
                                e - +3 ring of intelligence

@: very slightly contaminated, hasted, very heavily drained, very quick, not
resistant to hostile enchantments, extremely unstealthy
A: retaliatory headbutt, horns 2
a: no special abilities


You were on level 5 of the Dungeon.
You were not hungry.

You visited 1 branch of the dungeon, and saw 5 of its levels.

You collected 229 gold pieces.

Inventory:

Hand Weapons
 a - a +1 long sword (weapon)
 n - a cursed -2 dagger
Armour
 c - a +0 shield (worn)
 k - a +0 chain mail (worn)
 r - a +2 pair of boots (worn)
Jewellery
 d - an amulet of regeneration (around neck)
 e - a +3 ring of intelligence (left hand)
Wands
 u - a wand of hasting (3/9)
Scrolls
 b - a scroll of remove curse
 m - 3 scrolls of teleportation
 p - a scroll of enchant armour {unknown}
 q - 2 scrolls of fog
 t - a scroll of magic mapping {unknown}
Potions
 h - 2 potions of agility
 l - a potion of mutation {unknown}
 o - 2 potions of flight {unknown}
 s - 2 potions of berserk rage {unknown}
Comestibles
 f - 5 bread rations
 g - 3 meat rations
 i - a beef jerky


   Skills:
 + Level 5.1(1.8) Fighting
 + Level 4.8(1.6) Long Blades
 + Level 5.7(2.4) Armour
 + Level 3.2(0.1) Dodging
 + Level 0.1(0.0) Stealth
 + Level 6.0(2.7) Shields


You had 6 spell levels left.
You didn't know any spells.

Dungeon Overview and Level Annotations

Branches:
Dungeon (5/15)
 Temple: D:4-7

Altars:
Qazlal
Vehumet
The Shining One

Shops:
D:5 %

Annotations:
D:5 Drunkenshrew's ghost, novice DrSk


Innate Abilities, Weirdness & Mutations

You reflexively headbutt those who attack you in melee.
You have a pair of horns on your head.


Message History

You slash Drunkenshrew's ghost!
Drunkenshrew's ghost is heavily damaged.
Drunkenshrew's ghost hits you but does no damage.
You hit Drunkenshrew's ghost.
Drunkenshrew's ghost is severely damaged.
Drunkenshrew's ghost breathes negative energy at you.
The bolt of negative energy hits you!
You feel drained.
You closely miss Drunkenshrew's ghost.
Drunkenshrew's ghost is severely damaged.
Drunkenshrew's ghost hits you.
Drunkenshrew's ghost's shroud bends your attack away.
Drunkenshrew's ghost hits you!
You barely miss Drunkenshrew's ghost.
Drunkenshrew's ghost is severely damaged.
You closely miss Drunkenshrew's ghost.
Drunkenshrew's ghost is severely damaged.
Drunkenshrew's ghost breathes negative energy at you.
The bolt of negative energy hits you!
You feel drained.
Ouch! That really hurt!
You die...

# ###..##..#.....##....#
####.......##...........#
...........####..#......#
...##......# ##..####.#####
...##......# #......W....∩#
#####......###.#####..###.#
#.......##..# ##).....#
#.#.#......############..W
#.._....#...W@.<...........
###.#.###.?...########.......
#...##..##### ##... #########
###


You could see Drunkenshrew's ghost.

Vanquished Creatures
  The ghost of Drunkenshrew the Sneak, an amateur HESk of Vehumet (D:4)
  A scorpion (D:4)
  A howler monkey (D:4)
  A crimson imp (D:5)
  A jelly (D:5)
  2 orc priests
  An iguana (D:3)
  2 orc wizards (D:4)
  3 worker ants (D:4)
  A hound skeleton (D:5)
  Robin (D:4)
  A howler monkey skeleton (D:4)
  4 adders
  An adder skeleton (D:4)
  An adder zombie (D:5)
  2 worms (D:2)
  2 giant geckos
  14 orcs
  2 ball pythons (D:3)
  2 giant cockroaches
  14 goblins
  9 hobgoblins
  5 jackals
  6 bats
  3 giant newts
  6 kobolds
  8 rats
95 creatures vanquished.

Notes
Turn   | Place    | Note
--------------------------------------------------------------
     0 | D:1      | Peloso the Minotaur Fighter began the quest for the Orb.
     0 | D:1      | Reached XP level 1. HP: 19/19 MP: 0/0
   467 | D:1      | Reached XP level 2. HP: 23/27 MP: 1/1
   893 | D:2      | Reached skill level 4 in Shields
   963 | D:2      | Reached XP level 3. HP: 22/33 MP: 2/2
  1434 | D:3      | Reached skill level 1 in Dodging
  1436 | D:3      | Reached XP level 4. HP: 32/40 MP: 3/3
  1516 | D:3      | Found a stormy altar of Qazlal.
  2129 | D:4      | Reached XP level 5. HP: 36/46 MP: 4/4
  2414 | D:4      | Noticed Robin
  2419 | D:4      | Reached skill level 5 in Armour
  2434 | D:4      | Killed Robin
  2443 | D:4      | Reached skill level 5 in Shields
  2730 | D:4      | Noticed Drunkenshrew's ghost (amateur HESk)
  2759 | D:4      | Killed Drunkenshrew's ghost
  2759 | D:4      | Reached XP level 6. HP: 48/53 MP: 5/5
  3243 | D:4      | Reached XP level 7. HP: 60/60 MP: 6/6
  3289 | D:4      | Reached skill level 5 in Fighting
  3289 | D:4      | Reached skill level 6 in Shields
  3415 | D:5      | Entered Level 5 of the Dungeon
  3557 | D:5      | Found a radiant altar of Vehumet.
  3683 | D:5      | Found a glowing golden altar of the Shining One.
  3766 | D:5      | Found Beezec's Food Boutique.
  3768 | D:5      | Noticed Drunkenshrew's ghost (novice DrSk)
  3834 | D:5      | Killed from afar by Drunkenshrew's ghost

Skill      XL: |  1  2  3  4  5  6  7 |
---------------+----------------------+-----
Armour         | 4 5 |  5.7
Shields        | 4 5 6 |  6.0
Dodging        | 1 2 3 |  3.2
Fighting       | 4 5 |  5.1
Long Blades    | 3 4 |  4.8
Stealth        | |  0.1

Action                   |  1- 3 |  4- 6 |  7- 9 || total
-------------------------+-------+-------+-------++-------
Melee: Long sword        |   133 |   131 |    39 ||   303
       Headbutt          |    13 |    34 |     7 ||    54
Evoke: Wand              |       |       |     1 ||     1
  Use: Scroll            |     4 |     7 |     1 ||    12
       Potion            |     2 |     2 |     1 ||     5
  Eat: Chunk             |     1 |     7 |       ||     8
       Beef jerky        |       |       |     1 ||     1
Armor: Scale mail        |    54 |       |       ||    54
       Chain mail        |    15 |   155 |    16 ||   186
Dodge: Dodged            |    32 |    49 |     9 ||    90
Block: Shield            |    64 |   116 |     9 ||   189
